 Dungeon Crawl Stone Soup version 0.30.1-11-g7821555f0a (webtiles) character file.

Game seed: 2235783483802220693

30 porpoise the Shooter (level 3, -3/31 HPs)
             Began as a Minotaur Hunter on Dec 27, 2023.
             Slain by a gnoll
             ... wielding a +0 club
              (4 damage)
             ... on level 1 of the Dungeon.
             The game lasted 00:02:00 (991 turns).

porpoise the Shooter (Minotaur Hunter)               Turns: 991, Time: 00:02:01

Health: -3/31      AC:  5    Str: 15    XL:     3   Next: 5%
Magic:  2/2        EV: 11    Int:  6    God:
Gold:   35         SH:  0    Dex: 15    Spells: 2/2 levels left

rFire   . . .        a - +0 shortbow
rCold   . . .        (shield currently unavailable)
rNeg    . . .        i - +0 ring mail
rPois   .            (helmet restricted)
rElec   .            (no cloak)
rCorr   .            (no gloves)
SInv    .            (no boots)
Will    .....        (no amulet)
Stlth   +            (no ring)
HPRegen 0.25/turn    (no ring)
MPRegen 0.08/turn

%: no passive effects
@: no status effects
A: horns 2, retaliatory headbutt
a: no special abilities


You were on level 1 of the Dungeon.
You visited 1 branch of the dungeon, and saw 2 of its levels.

You collected 35 gold pieces.

Inventory:

Hand Weapons
 a - a +0 shortbow (weapon)
 b - a +1 dagger of venom
Armour
 i - a +0 ring mail (worn)
Scrolls
 c - a scroll of identify {unknown}
 d - a scroll of immolation
 e - 2 scrolls of vulnerability {unknown}
 g - a scroll of noise {unknown}
 h - a scroll of poison {unknown}
Potions
 f - 2 potions of attraction {unknown}


   Skills:
 + Level 3.0 Fighting
 * Level 5.0 Ranged Weapons
 + Level 1.4 Armour
 - Level 2.1 Dodging
 - Level 0.7 Stealth


You had 2 spell levels left.
You didn't know any spells.
Your spell library contained the following spells:

 Spells                   Type           Power      Damage    Failure   Level
 Apportation              Tloc           0%         N/A       67%         1
 Alistair's Intoxication  Tmut/Pois      0%         N/A       100%        5


Dungeon Overview and Level Annotations

Branches:
Dungeon (2/15)

Altars:


Innate Abilities, Weirdness & Mutations

You have a pair of horns on your head.
You reflexively headbutt those who attack you in melee.


Message History

Unknown command.
(D) Dungeon
Where to? (? - help)
There is a stone staircase leading down here.
You climb downwards.
The gnoll shouts! x2; The ball python hisses angrily.
You hear a shout!
There is a stone staircase leading up here.
There are monsters nearby!
You shoot an arrow. The arrow hits the bat.
You kill the bat!
You shoot an arrow. The arrow hits the gnoll.
The gnoll is moderately wounded.
A ball python comes into view.
The ball python moves out of view.
You shoot an arrow.
The arrow hits the ball python but does no damage.
A gnoll comes into view. It is wielding a +0 flail.
The ball python barely misses you. You furiously retaliate!
You headbutt the ball python. The ball python grabs you.
The ball python constricts you. The gnoll hits you with a +0 club.
You shoot an arrow. The arrow hits the ball python!
You kill the ball python!
The gnoll hits you with a +0 club.
You shoot an arrow. The arrow closely misses the gnoll.
The gnoll hits you but does no damage.
You shoot an arrow. The arrow hits the gnoll.
The gnoll is heavily wounded.
The gnoll closely misses you. The gnoll hits you with a +0 club.
The gnoll closely misses you. The gnoll hits you with a +0 club.
The gnoll hits you with a +0 club. The gnoll barely misses you.
You climb upwards.
There is a stone staircase leading down here.
The gnoll hits you with a +0 club.
* * * LOW HITPOINT WARNING * * *
The gnoll hits you with a +0 club.
* * * LOW HITPOINT WARNING * * *
The gnoll attacks as you move away! The gnoll hits you with a +0 club.
* * * LOW HITPOINT WARNING * * *
The gnoll attacks as you move away! The gnoll hits you with a +0 club.
You die...

........#.###..######.#
#########.# #..# #.# # #.#
##.## #.# # #.# #..# #.#
#########.####..# #.#
................#####†#
#########.#####.##....# #
#.# #..#.####
################@#.#
...............g>g.#
####################
##..## ###### #####
##.#..####.##.# ##...## #
##..###..###...###.....#
###..###.##...........⌠..#
P#....#####..######.#.|.##
###...# ##'# #######


You could see 2 gnolls.

Vanquished Creatures
  An endoplasm (D:1)
  A giant cockroach (D:1)
  4 goblins (D:1)
  2 hobgoblins (D:1)
  2 kobolds (D:1)
  3 quokkas (D:1)
  6 ball pythons
  3 bats
  3 rats (D:1)
25 creatures vanquished.

Notes
Turn   | Place    | Note
-------+----------+-------------------------------------------
     0 | D:1      | porpoise the Minotaur Hunter began the quest for the Orb.
     0 | D:1      | Reached XP level 1. HP: 18/18 MP: 0/0
   393 | D:1      | Reached XP level 2. HP: 24/25 MP: 1/1
   593 | D:1      | Reached skill level 1 in Armour
   823 | D:1      | Reached skill level 5 in Ranged Weapons
   823 | D:1      | Reached XP level 3. HP: 29/31 MP: 2/2
   991 | D:1      | HP: 1/31 [gnoll/+0 club (3)]
   991 | D:1      | Slain by a gnoll

Illustrated notes

Levels and vault maps discovered:
D:1:      dpeg_cavernosity, layout_basic, serial_corexii_hall,
          corexii_hall_statues_t, corexii_hall_statues_x,
          corexii_hall_statues_x, corexii_hall_statues_l
D:2:      layout_rooms, serial_aquarium, aquarium_bridge_long_joined
          [aquarium_subvault_window, aquarium_subvault_window,
          aquarium_subvault_window, aquarium_subvault_bridge,
          aquarium_subvault_wall, aquarium_subvault_bridge],
          aquarium_bridge_square [aquarium_subvault_window,
          aquarium_subvault_balcony, aquarium_subvault_bridge,
          aquarium_subvault_wall], aquarium_window_2, aquarium_window_corner,
          aquarium_window_1, aquarium_window_2, aquarium_view_2a,
          aquarium_view_2d, aquarium_balcony_double_4, aquarium_pool_four,
          basic_altar, hellmonk_ecumenical_altar_blasted,
          kennysheep_generic_room_11

Skill      XL: |  1  2 |
---------------+-------+-----
Armour         | 1 |  1.4
Fighting       | 3 |  3.0
Ranged Weapons | 5 |  5.0
Dodging        | |  2.1
Stealth        | |  0.7

Action                     || total
---------------------------++-------
  Melee: Dagger            ||    11
   Fire: Shortbow          ||    48
 Armour: Leather armour    ||     2
         Ring mail         ||     1
  Dodge: Dodged            ||    27
